 Dungeon Crawl Stone Soup version 0.31-a0-236-g9a0961fb85 (webtiles) character file.

Game seed: 3626337879278902069

250 qw the Shooter (level 5, -3/46 HPs)
             Began as a Minotaur Hexslinger on July 10, 2023.
             Slain by a sky beast (6 damage)
             ... on level 4 of the Dungeon.
             The game lasted 00:01:01 (2739 turns).

qw the Shooter (Minotaur Hexslinger)                Turns: 2739, Time: 00:01:01

Health: -3/46      AC:  6    Str: 12    XL:     5   Next: 88%
Magic:  5/5        EV: 11    Int: 10    God:
Gold:   108        SH:  0    Dex: 15    Spells: 5/6 levels left

rFire   . . .        Y - +1 sling
rCold   . . .        (no shield)
rNeg    . . .        f - +0 ring mail
rPois   .            (helmet restricted)
rElec   .            c - +0 cloak
rCorr   +            (no gloves)
SInv    .            (no boots)
Will    .....        (no amulet)
Stlth   +            b - ring of resist corrosion
HPRegen 0.27/turn    (no ring)
MPRegen 0.09/turn

%: no passive effects
@: no status effects
A: horns 2, retaliatory headbutt
a: no special abilities


You were on level 4 of the Dungeon.
You visited 1 branch of the dungeon, and saw 4 of its levels.

You collected 108 gold pieces.


Innate Abilities, Weirdness & Mutations

You have a pair of horns on your head.
You reflexively headbutt those who attack you in melee.


   Skills:
 - Level 4.1 Fighting
 + Level 5.5 Ranged Weapons
 - Level 1.4 Armour
 - Level 2.1 Dodging
 - Level 1.0 Spellcasting
 - Level 2.0 Hexes


You had 5 spell levels left.
You knew the following spells:

 Your Spells              Type           Power      Damage    Failure   Level
a - Slow                  Hex            16%        N/A       32%         1

Your spell library contained the following spells:

 Spells                   Type           Power      Damage    Failure   Level
 Inner Flame              Hex/Fire       2%         N/A       83%         3
 Portal Projectile        Hex/Tloc       4%         N/A       83%         3
 Cause Fear               Hex            2%         N/A       97%         4

Inventory:

Hand Weapons
 Y - a +1 sling (weapon)
Armour
 c - a +0 cloak (worn)
 f - a +0 ring mail (worn)
 i - a +2 pair of boots
Jewellery
 b - a ring of resist corrosion (left hand)
Scrolls
 a - a scroll of identify
 h - 2 scrolls of teleportation
Potions
 d - 2 potions of heal wounds
 e - a potion of might {unknown}
 g - a potion of invisibility {unknown}
 j - 3 potions of curing {unknown}

Dungeon Overview and Level Annotations

Branches:
Dungeon (4/15)
 Temple: D:4-7

Altars:
Uskayaw


Message History

The sky beast closely misses you.
You shoot a sling bullet. The sling bullet hits the sky beast.
The sky beast is moderately wounded.
The sky beast barely misses you.
The sky beast hits you but does no damage.
You shoot a sling bullet.
The sling bullet barely misses the sky beast.
The sky beast hits you. The sky beast shocks you.
You shoot a sling bullet.
The sling bullet barely misses the sky beast.
The sky beast hits you but does no damage.
You shoot a sling bullet. The sling bullet hits the sky beast!
The sky beast is severely wounded.
The sky beast hits you. The sky beast shocks you.
You shoot a sling bullet.
The sling bullet closely misses the sky beast.
The sky beast closely misses you.
The sky beast hits you but does no damage.
You shoot a sling bullet.
The sling bullet barely misses the sky beast.
The sky beast hits you but does no damage.
You shoot a sling bullet.
The sling bullet barely misses the sky beast.
The sky beast flickers out of sight!
Deactivating autopickup; reactivate with Ctrl-A.
Something hits you. Something shocks you.
You shoot a sling bullet. Something hits you but does no damage.
You shoot a sling bullet. Something hits you. Something shocks you.
Something hits you. Something shocks you.
You shoot a sling bullet. Something hits you but does no damage.
You shoot a sling bullet. Something hits you. Something shocks you.
You shoot a sling bullet. Something hits you but does no damage.
You shoot a sling bullet. Something hits you. Something shocks you.
You die...

........#......#..#
........#......#..#
#.####.............#
#. #....######...#
####.
#.#######...#+#
....#
#.###...#.#....
...###.........+....
.
#{!##.##....###....
... #@##.......#
#....
.....##?##..##...#
#....
......(...>.##...#
#####
##########.#######
###


There were no monsters in sight!

Vanquished Creatures
  A scorpion (D:4)
  An orc priest (D:4)
  An iguana (D:4)
  5 adders
  4 worms
  4 dart slugs
  4 orcs (D:4)
  4 ball pythons
  6 endoplasms
  2 giant cockroaches
  4 goblins
  7 hobgoblins
  3 jackals (D:1)
  7 kobolds
  A quokka (D:1)
  7 bats
  3 frilled lizards
  5 rats
69 creatures vanquished.

Notes
Turn   | Place    | Note
-------+----------+-------------------------------------------
     0 | D:1      | qw the Minotaur Hexslinger began the quest for the Orb.
     0 | D:1      | Reached XP level 1. HP: 16/16 MP: 1/1
     0 | D:1      | 0 ||| qw: Version: 0.3-a-52-g30416fa
     0 | D:1      | 0 ||| qw: Game counter: 4659
     0 | D:1      | 0 ||| qw: Melee chars always use a shield: true
     0 | D:1      | 0 ||| qw: God list: Okawaru
     0 | D:1      | 0 ||| qw: Allow faded altars: false
     0 | D:1      | 0 ||| qw: Do Orc after clearing Dungeon:15 true
     0 | D:1      | 0 ||| qw: Do second Lair branch before Depths: true
     0 | D:1      | 0 ||| qw: Lair rune preference: random
     0 | D:1      | 0 ||| qw: Goals: Normal
     0 | D:1      | 0 ||| PLANNING D:1-11
    76 | D:1      | Reached skill level 3 in Ranged Weapons
   107 | D:1      | Reached XP level 2. HP: 23/23 MP: 2/2
   481 | D:1      | Reached XP level 3. HP: 29/29 MP: 3/3
   898 | D:1      | 898 ||| UPGRADING to +0 leather armour.
   908 | D:1      | 908 ||| DROPPING +0 robe.
   909 | D:1      | 909 ||| READING 2 scrolls labelled VATECUE ADET.
   910 | D:1      | 910 ||| DROPPING scroll of poison.
   967 | D:2      | 967 ||| STAIRDANCE
  1062 | D:2      | Reached skill level 4 in Ranged Weapons
  1254 | D:2      | Reached XP level 4. HP: 32/36 MP: 4/4
  1676 | D:2      | 1676 ||| UPGRADING to +0 cloak.
  1681 | D:2      | 1681 ||| UPGRADING to +0 ring mail.
  1691 | D:2      | 1691 ||| DROPPING +0 leather armour.
  1692 | D:2      | 1692 ||| READING scroll labelled ZYWEMU CUER.
  1696 | D:2      | 1696 ||| READING scroll labelled PIYWOAR TACRIE.
  1697 | D:2      | 1697 ||| DRINKING 4 coppery potions.
  1698 | D:2      | 1698 ||| READING 3 scrolls of identify.
  1698 | D:2      | 1698 ||| IDENTIFYING fuming amethyst potion
  1699 | D:2      | 1699 ||| READING 2 scrolls of identify.
  1699 | D:2      | 1699 ||| IDENTIFYING smoky ruby potion
  1700 | D:2      | 1700 ||| DROPPING potion of brilliance.
  1701 | D:2      | 1701 ||| DROPPING potion of magic.
  1763 | D:3      | Reached skill level 1 in Armour
  1919 | D:3      | Found a faded altar of an unknown god.
  2102 | D:3      | Reached skill level 5 in Ranged Weapons
  2281 | D:3      | 2281 ||| UPGRADING to ring of resist corrosion.
  2282 | D:3      | 2282 ||| READING scroll labelled WOSIL QORAT.
  2295 | D:4      | Noticed a +0 dagger
  2295 | D:4      | Noticed a +0 dagger
  2295 | D:4      | Found a hide-covered altar of Uskayaw.
  2313 | D:4      | HP: 1/36 [iguana (12)]
  2314 | D:4      | 2314 ||| DRINKING 3 potions of heal wounds.
  2316 | D:4      | Reached XP level 5. HP: 30/44 MP: 5/5
  2724 | D:4      | Noticed a sky beast
  2735 | D:4      | HP: 10/46 [something (5)]
  2737 | D:4      | HP: 4/46 [something (5)]
  2739 | D:4      | Slain by a sky beast

Levels and vault maps discovered:
D:1:      saegor_arrival_simple_d, layout_basic
D:2:      minmay_evil_eye, layout_loops_cross
D:3:      layout_loops_cross, hellmonk_ecumenical_altar_blasted, hex_large
D:4:      layout_basic, dancing_weapons_uskayaw, nicolae_ru_path_of_blood,
          grunt_ministairs_13, kennysheep_generic_room_4

Skill      XL: |  1  2  3  4  5 |
---------------+----------------+-----
Ranged Weapons | 3 4 5 |  5.5
Fighting       | 2 4 |  4.1
Armour         | 1 |  1.4
Dodging        | |  2.1
Spellcasting   | |  1.0
Hexes          | |  2.0

Action                     |  1- 3 |  4- 6 || total
---------------------------+-------+-------++-------
   Fire: Sling             |    98 |   136 ||   234
    Use: Scroll            |     1 |     5 ||     6
         Potion            |       |     2 ||     2
 Armour: Robe              |     2 |       ||     2
         Leather armour    |     3 |     2 ||     5
         Ring mail         |       |    31 ||    31
  Dodge: Dodged            |    29 |    38 ||    67

Table legend:
 A = Non-vault XP
 B = Vault XP
 C = Vault XP percentage of total XP
 D = Non-vault monster count
 E = Vault monster count
 F = Vault count percentage of total count
                 A         B        C        D         E       F
            +---------+---------+-------+---------+---------+-------
      Total |     350 |       8 |   2.2 |      67 |       2 |   2.9
            +---------+---------+-------+---------+---------+-------
        D:1 |      48 |       0 |   0.0 |      26 |       0 |   0.0
        D:2 |      73 |       5 |   6.4 |      15 |       1 |   6.2
        D:3 |      45 |       0 |   0.0 |      16 |       0 |   0.0
        D:4 |     184 |       3 |   1.6 |      10 |       1 |   9.1
            +---------+---------+-------+---------+---------+-------
